nht, chaotic female elven Wizard .-- .<- .... ..).. ... ..).. -----.----... |.%.. GGhGG......@..|..(. --..-------h.%..... --- ..... .-- nht the Conjurer Experience level: 3 Strength: 9 Dexterity: 14 Constitution: 16 Intelligence: 12 Wisdom: 10 Charisma: 8 Health: 0(29) Energy: 19(25) Def: 1 Gold: 77 Moves: 628 Dungeon seed: qLdjSOSRUPsKctCe Game ID: nht_1430679787 Your Inventory: Coins $ - 77 gold pieces Weapons a - a blessed +1 quarterstaff (weapon in hands) Armor e - an uncursed +0 cloak of magic resistance (being worn) N - a cursed -1 pair of levitation boots Comestibles q - 2 uncursed food rations s - an uncursed cram ration z - 2 uncursed lichen corpses Scrolls j - 2 uncursed scrolls of blank paper k - an uncursed scroll of identify C - an uncursed scroll of identify K - a blessed scroll of identify Spellbooks v - a blessed spellbook of blank paper Potions f - an uncursed potion of object detection g - an uncursed potion of gain level h - an uncursed potion of water A - an uncursed potion of gain energy F - an uncursed potion of booze G - an uncursed potion of full healing H - an uncursed potion of healing Rings c - an uncursed ring of teleport control d - an uncursed ring of slow digestion Wands r - a wand of slow monster (0:3) w - a wand of cold (0:3) x - a wand of striking (0:3) D - a wand of teleportation (0:5) E - a wand of digging (0:5) I - a wand of cold (0:8) Tools b - an uncursed sack o - a magic marker (0:43) p - an uncursed leather drum t - an uncursed towel P - 7 cursed tallow candles (0:200) Spells known in the end: Name Level Category Fail Memory a - force bolt 1 attack 0% 97% b - magic missile 2 attack 0% 97% c - haste self 3 escape 100% 97% d - fireball 4 attack 100% 98% e - detect monsters 1 divination 0% 98% f - healing 1 healing 0% 98% Your skills at the end: Fighting Skills Weapon Skills quarterstaff [Basic] Spellcasting Skills attack spells [Basic] enchantment spells [Basic] Final Attributes: You were piously aligned. You were magic-protected. You had infravision. You were lucky. You are dead. Vanquished creatures: a little dog a kitten a dwarf 3 gnomes a fox 2 goblins 2 lichens 3 kobold zombies 14 creatures vanquished. Voluntary challenges: You went without food. You were an atheist. You used a wielded weapon 18 times, starting on turn 31. You read items or engraved 32 times, starting on turn 50. You never genocided any monsters. You never polymorphed an object. You never changed form. You used no wishes. You never split a pudding. You wrote Elbereth's name 10 times, starting on turn 50. You never violated your personal moral code. Dungeon overview: The Dungeons of Doom: levels 1 to 5 Level 1 a long staircase Level 2 Level 3 a general store Level 4 (scrolls) a scroll shop stairs to The Gnomish Mines Level 5 The Gnomish Mines: Level 5 <- You were here stairs to The Dungeons of Doom History has recorded: On T:1 you entered the Dungeons of Doom to retrieve the Amulet of Yendor! On T:48 you reached level 2 of The Dungeons of Doom. On T:131 you reached level 3 of The Dungeons of Doom. On T:176 you reached level 4 of The Dungeons of Doom. On T:281 you advanced to experience level 2. On T:420 you reached level 5 of The Dungeons of Doom. On T:583 you reached level 1 of The Gnomish Mines. On T:591 you advanced to experience level 3. Score breakdown: Gold: 77 ( 6436 points) Experience: 3 levels ( 7878 points) Exploration: 5 levels ( 10.00%) ( 8571 points) Discoveries: 0 items ( 0.00%) ( 0 points) Valuables value: (no points given unless you survive) Artifact value: 0 ( 0 points) Variety of kills: 8 monsters ( 2.11%) ( 4358 points) Time penalty: 628 turns ( 0 points) Survival: died (score multiplied by 80%) Total score: 21794 Latest messages: The mind flayer's tentacles suck you! Your brain is eaten! You feel very stupid! Your brain is eaten! You feel stupid! You hit the mind flayer. The mind flayer hits! You die... Final status: Goodbye nht the Wizard, killed by a mind flayer... You died in The Gnomish Mines on dungeon level 5 with 21794 points, and 77 pieces of gold, after 628 moves. You were level 3 with a maximum of 29 hit points when you died.